 Dungeon Sprint DCSS version 0.31-b1-22-gc680215f68 (webtiles) character file.

Game seed: 17307266426492196583

1028 thiscave3701365 the Grappler (level 8, -10/67 HPs)
             Began as a Gnoll Shapeshifter on Jan 18, 2024.
             Mangled by a two-headed ogre
             ... wielding a +0 giant club
              (18 damage)
             ... in the Dungeon (Sprint V: "Ziggurat Sprint").
             The game lasted 00:04:58 (138 turns).

thiscave3701365 the Grappler (Gnoll Shapeshifter)    Turns: 138, Time: 00:04:58

Health: -10/67     AC: 23    Str: 28    XL:     8   Next: 23%
Magic:  13/17      EV:  7    Int:  9    God:
Gold:   0          SH:  0    Dex: 12    Spells: 20/20 levels left

rFire   . . .        x - +27 heavy crossbow "Sniper" {heavy, Acc+∞ SInv}
rCold   . . .        (shield currently unavailable)
rNeg    . . .        k - +5 crystal plate armour
rPois   .            (helmet currently unavailable)
rElec   .            (cloak currently unavailable)
rCorr   .            (gloves currently unavailable)
SInv    +            (boots currently unavailable)
Will    .....        (no amulet) Stlth
                     C - +6 ring of strength
HPRegen 0.31/turn    B - +6 ring of strength
MPRegen 0.15/turn

%: no teleportation
@: beast-form, studying Maces & Flails
A: beast (slay +4), fangs 1, strong nose, distributed training
a: Begin Untransformation


You were in the Dungeon.
You were a hulking beast.
You visited 1 branch

Inventory:

Hand Weapons
 x - the +27 heavy crossbow "Sniper" (weapon) {heavy, Acc+∞ SInv}
   (You found it in the Dungeon)

   Acc+∞: It never misses its target.
   SInv:      It lets you see invisible.
Armour
 k - a +5 crystal plate armour (worn)
Magical Staves
 y - a staff of alchemy
Jewellery
 w - a ring of flight
 B - a +6 ring of strength (right hand)
 C - a +6 ring of strength (left hand)
Talismans
 c - a beast talisman
 d - a flux talisman
 D - a beast talisman
 E - a blade talisman
 F - a maw talisman
 G - a serpent talisman
Wands
 a - a wand of charming (7)
 u - a wand of mindburst (7)
 v - a wand of quicksilver (7)
Scrolls
 j - 4 scrolls of blinking
 l - 4 scrolls of amnesia
 m - 7 scrolls of fog
 n - 5 scrolls of identify
 o - 2 scrolls of fear
Potions
 b - a potion of lignification
 e - 10 potions of curing
 f - 10 potions of heal wounds
 g - 6 potions of haste
 h - 7 potions of magic
 i - 3 potions of berserk rage
 p - 2 potions of brilliance
 q - 2 potions of invisibility
 r - 4 potions of resistance
 t - 5 potions of might
Miscellaneous
 s - a tin of tremorstones (2/2)


   Skills:
 + Level 7.1 Fighting
 + Level 6.6 Short Blades
 + Level 6.6 Long Blades
 + Level 6.6 Axes
 + Level 8.2 Maces & Flails
 + Level 6.6 Polearms
 + Level 6.6 Staves
 + Level 6.6 Ranged Weapons
 + Level 6.6 Throwing
 + Level 6.6 Armour
 + Level 8.1 Dodging
 + Level 6.6 Stealth
 + Level 6.6 Shields
 + Level 9.4 Unarmed Combat
 + Level 6.6 Spellcasting
 + Level 5.4 Conjurations
 + Level 5.4 Hexes
 + Level 5.4 Summonings
 + Level 5.4 Necromancy
 + Level 5.4 Translocations
 + Level 5.4 Fire Magic
 + Level 5.4 Ice Magic
 + Level 5.4 Air Magic
 + Level 5.4 Earth Magic
 + Level 5.4 Alchemy
 + Level 7.2 Invocations
 + Level 6.6 Evocations
 + Level 9.0 Shapeshifting


You had 20 spell levels left.
You didn't know any spells.
Your spell library contained the following spells:

 Spells                   Type           Power      Damage    Failure   Level
 Call Canine Familiar     Summ           12%        N/A       96%         3
 Infestation              Necr           6%         N/A       100%        8
 Summon Horrible Things   Summ           6%         N/A       100%        8


Dungeon Overview and Level Annotations

Branches:
Dungeon (1/1)

Altars:
Ashenzari
Cheibriados
Dithmenos
Elyvilon
Fedhas
Gozag
Hepliaklqana
Kikubaaqudgha
Makhleb
Nemelex Xobeh
Okawaru
Qazlal
Ru
Sif Muna
Trog
Uskayaw
Vehumet
Wu Jian
Xom
Yredelemnul
Zin
The Shining One
Jiyva
Lugonu

Annotations:
D 1 transporter


Innate Abilities, Weirdness & Mutations

You are a hulking beast.
Your limbs bulge with bestial killing power. (Slay +4)
You have very sharp teeth.
Your uncanny sense of smell can sniff out nearby items.
Your experience applies equally to all skills.


Message History

Your Hexes skill increases to level 5!
Your Summonings skill increases to level 5!
Your Necromancy skill increases to level 5!
Your Translocations skill increases to level 5!
Your Fire Magic skill increases to level 5!
Your Ice Magic skill increases to level 5!
Your Air Magic skill increases to level 5!
Your Earth Magic skill increases to level 5!
Your Alchemy skill increases to level 5!
Your Invocations skill increases to level 7!
Your Evocations skill increases to level 6!
Your Shapeshifting skill increases to level 9!
You have reached level 8!
You feel agile.
Unknown command.
You are too injured to fight recklessly!
Unknown command.
Unknown command.
You are too injured to fight recklessly!
Unknown command.
You are too injured to fight recklessly!
Unknown command.
You are too injured to fight recklessly!
You shoot a bolt. The bolt hits the two-headed ogre.
The two-headed ogre is lightly wounded.
The troll barely misses you. The troll closely misses you.
The troll claws you but does no damage. The troll bites you.
The troll claws you but does no damage. The troll claws you.
The two-headed ogre hits you but does no damage.
The two-headed ogre completely misses you.
The troll bites you!
* * * LOW HITPOINT WARNING * * *
The troll claws you but does no damage. x2
The troll bites you but does no damage. The troll claws you but does no damage.
The troll claws you!
* * * LOW HITPOINT WARNING * * *
The two-headed ogre hits you with a +0 giant club.
* * * LOW HITPOINT WARNING * * *
The two-headed ogre hits you with a +0 dire flail!!
You die...

▓..©..▓..©..▓▓▓▓▓▓▓
▓▓▓▓▓▓▓▓▓▓▓▓▓▓
▓..8©8...▓
▓..|/|...▓ ∆∆∆
▓...)....▓ ∆ ∆
▓........▓
........▓ ∆
▓.▓TOT.▓.▓ ∆
▓...h....▓
▓▓▓▓▓▓▓▓▓▓ ∆∆∆∆ ∆∆∆


You could see a two-headed ogre and 2 trolls.

Vanquished Creatures
  A two-headed ogre (D)
  A jumping spider (D)
  2 wolves (D)
  A scorpion (D)
  A crimson imp (D)
  An iron imp (D)
  A white imp (D)
  An adder zombie (D)
  A jackal (D)
10 creatures vanquished.

Notes
Turn   | Place    | Note
-------+----------+-------------------------------------------
     0 | D        | thiscave3701365 the Gnoll Shapeshifter began the quest for
                  | the Orb.
     0 | D        | Reached XP level 1. HP: 17/17 MP: 1/1
     3 | D        | Found a blossoming altar of Fedhas.
     3 | D        | Found the +6 Majin-Bo {spellvamp, MP+6 Int+6}
     3 | D        | Found the +27 heavy crossbow "Sniper" {heavy, Acc+∞ SInv}
     3 | D        | Found the +10 dark maul {heavy}
     3 | D        | Found the +15 Maxwell's patent armour {-Cast -Tele rElec
                  | Will+ rCorr}
     3 | D        | Found the +18 shield of the Gong {Loud rN+ Will+ rCorr
                  | EV-5}
     3 | D        | Found the +16 obsidian axe {drain, demonic, Mesm ^Drain Fly
                  | SInv}
     3 | D        | Found the +7 great mace "Firestarter" {flame, immolate,
                  | rFlCloud rF++}
     3 | D        | Found the +6 shillelagh "Devastator" {shatter}
     3 | D        | Found the +11 plutonium sword {^Contam Stlth-}
     3 | D        | Found the +8 lance "Wyrmbane" {slay drac, rPois rF+ rC+
                  | AC+3}
     3 | D        | Found the +9 sword of Zonguldrok {reap}
     3 | D        | Found the +13 scythe of Curses {drain, curses, ^Drain}
     3 | D        | Found the +9 sword of Power {lifebolt}
     3 | D        | Found the +7 mace of Variability {chaos, chaos arc}
     3 | D        | Found the +11 Singing Sword {sonic wave}
     3 | D        | Found the +8 storm bow {elec, penet}
     4 | D        | Found a viscous altar of Jiyva.
     4 | D        | Found a hazy altar of Hepliaklqana.
     4 | D        | Found a transporter.
     4 | D        | Found an opulent altar of Gozag.
     4 | D        | Found an ancient bone altar of Kikubaaqudgha.
     4 | D        | Found a corrupted altar of Lugonu.
     8 | D        | Found a burning altar of Makhleb.
     9 | D        | Found a stormy altar of Qazlal.
     9 | D        | Found a sacrificial altar of Ru.
     9 | D        | Found an iron altar of Okawaru.
     9 | D        | Found a shimmering blue altar of Sif Muna.
     9 | D        | Found a sparkling altar of Nemelex Xobeh.
     9 | D        | Found a bloodstained altar of Trog.
    74 | D        | Reached skill level 5 in Dodging
    74 | D        | Reached XP level 2. HP: 24/24 MP: 1/5
    75 | D        | Entered arena 2.
    75 | D        | Noticed a scorpion
    75 | D        | Noticed a jumping spider
    75 | D        | Found a transporter.
    76 | D        | Killed a jumping spider
    77 | D        | Reached XP level 3. HP: 32/32 MP: 1/8
    77 | D        | Reached XP level 4. HP: 38/38 MP: 1/10
    77 | D        | Reached XP level 5. HP: 43/43 MP: 1/11
    78 | D        | Reached skill level 5 in Fighting
    95 | D        | Entered arena 3.
    95 | D        | Noticed a wolf
    95 | D        | Noticed a wolf
    95 | D        | Found a transporter.
    96 | D        | Killed a wolf
    97 | D        | Reached skill level 5 in Maces & Flails
    97 | D        | Reached skill level 5 in Invocations
    97 | D        | Reached XP level 6. HP: 43/51 MP: 4/13
    98 | D        | Reached skill level 5 in Short Blades
    98 | D        | Reached skill level 5 in Long Blades
    98 | D        | Reached skill level 5 in Axes
    98 | D        | Reached skill level 5 in Polearms
    98 | D        | Reached skill level 5 in Staves
    98 | D        | Reached skill level 5 in Ranged Weapons
    98 | D        | Reached skill level 5 in Throwing
    98 | D        | Reached skill level 5 in Armour
    98 | D        | Reached skill level 5 in Stealth
    98 | D        | Reached skill level 5 in Shields
    98 | D        | Reached skill level 5 in Spellcasting
    98 | D        | Reached skill level 5 in Evocations
   115 | D        | Entered arena 4.
   115 | D        | Found a transporter.
   118 | D        | Reached XP level 7. HP: 58/58 MP: 8/15
   125 | D        | Got the Essays on the Collective Autopsy
   135 | D        | Entered arena 5.
   135 | D        | Noticed a two-headed ogre
   135 | D        | Noticed a troll
   135 | D        | Noticed a troll
   135 | D        | Noticed a two-headed ogre
   135 | D        | Found a transporter.
   137 | D        | Killed a two-headed ogre
   138 | D        | Reached skill level 5 in Conjurations
   138 | D        | Reached skill level 5 in Hexes
   138 | D        | Reached skill level 5 in Summonings
   138 | D        | Reached skill level 5 in Necromancy
   138 | D        | Reached skill level 5 in Translocations
   138 | D        | Reached skill level 5 in Fire Magic
   138 | D        | Reached skill level 5 in Ice Magic
   138 | D        | Reached skill level 5 in Air Magic
   138 | D        | Reached skill level 5 in Earth Magic
   138 | D        | Reached skill level 5 in Alchemy
   138 | D        | Reached XP level 8. HP: 31/67 MP: 13/17
   138 | D        | Mangled by a two-headed ogre

Illustrated notes

Levels and vault maps discovered:
D:        sprint_v [room_start, room_1, room_2, room_3, room_4, room_5, room_6,
          room_7, room_8, room_9, room_10, room_11, room_12, room_13, room_14,
          room_15, room_16, room_17, room_18, room_19, room_20, room_21,
          room_22, room_23, room_24, room_25, room_26, room_27]

Skill      XL: |  1  2  3  4  5  6  7 |
---------------+----------------------+-----
Fighting       | 3 4 5 6 7 |  7.1
Short Blades   | 2 4 5 6 |  6.6
Long Blades    | 2 4 5 6 |  6.6
Axes           | 2 4 5 6 |  6.6
Maces & Flails | 2 4 5 6 8 |  8.2
Polearms       | 2 4 5 6 |  6.6
Staves         | 2 4 5 6 |  6.6
Ranged Weapons | 2 4 5 6 |  6.6
Throwing       | 2 4 5 6 |  6.6
Armour         | 2 4 5 6 |  6.6
Dodging        | 5 6 7 8 |  8.1
Stealth        | 2 4 5 6 |  6.6
Shields        | 2 4 5 6 |  6.6
Unarmed Combat | 7 8 9 |  9.4
Spellcasting   | 2 4 5 6 |  6.6
Conjurations   | 2 3 4 5 |  5.4
Hexes          | 2 3 4 5 |  5.4
Summonings     | 2 3 4 5 |  5.4
Necromancy     | 2 3 4 5 |  5.4
Translocations | 2 3 4 5 |  5.4
Fire Magic     | 2 3 4 5 |  5.4
Ice Magic      | 2 3 4 5 |  5.4
Air Magic      | 2 3 4 5 |  5.4
Earth Magic    | 2 3 4 5 |  5.4
Alchemy        | 2 3 4 5 |  5.4
Invocations    | 2 4 5 7 |  7.2
Evocations     | 2 4 5 6 |  6.6
Shapeshifting  | 7 8 9 |  9.0

Action                     |  1- 3 |  4- 6 |  7- 9 || total
---------------------------+-------+-------+-------++-------
   Fire: Heavy crossbow    |     1 |     6 |     5 ||    12
    Use: Potion            |     1 |       |       ||     1
 Armour: Crystal plate arm |     3 |    12 |    39 ||    54
  Dodge: Dodged            |     1 |    10 |    17 ||    28
